 Dungeon Crawl Stone Soup version 0.21-a0-207-g4a9efaf (webtiles) character file.

275 Jeffwins the Slasher (level 6, -1/42 HPs)
             Began as an Octopode Fighter on Aug 20, 2017.
             Was an Initiate of Dithmenos.
             Killed from afar by Dowan (10 damage)
             ... with a puff of flame
             ... on level 4 of the Dungeon.
             The game lasted 00:03:59 (3748 turns).

Jeffwins the Slasher (Octopode Fighter)             Turns: 3748, Time: 00:04:00

Health: -1/42      AC:  1    Str: 15    XL:     6   Next: 24%
Magic:  6/6        EV: 12    Int: 10    God:    Dithmenos [......]
Gold:   127        SH:  9    Dex: 14    Spells: 5/5 levels left

rFire    . . .     SeeInvis .   a - +0 long sword
rCold    . . .     Gourm    .   b - +0 shield
rNeg     . . .     Faith    .   (helmet restricted)
rPois    .         Spirit   .   (no amulet)
rElec    .         Reflect  .   (no ring)
rCorr    .         Harm     .   (no ring)
MR       .....                  (no ring)
Stlth    ++++......             (no ring)
HPRegen  0.14/turn              (no ring)
MPRegen  0.10/turn              (no ring)
                                (no ring)
                                (no ring)

@: no status effects
A: almost no armour, stealthy swim, amphibious, 8 rings, constrict 8, camouflage
1, gelatinous body 1
a: Renounce Religion


You were on level 4 of the Dungeon.
You worshipped Dithmenos.
Dithmenos was noncommittal.
You were not hungry.

You visited 1 branch of the dungeon, and saw 4 of its levels.

You collected 127 gold pieces.

Inventory:

Hand Weapons
 a - a +0 long sword (weapon)
 k - a +1 dagger of holy wrath
 t - a +0 dagger of speed
Armour
 b - a +0 shield (worn)
Jewellery
 i - an uncursed ring of flight
 j - an uncursed ring of stealth {unknown}
 l - an uncursed amulet of guardian spirit {unknown}
Wands
 p - a wand of digging (8/24)
 q - a wand of acid (8/15)
Scrolls
 e - 6 scrolls of identify {unknown}
 f - 2 scrolls of remove curse {unknown}
 m - a scroll of fog {unknown}
 s - a scroll of blinking {unknown}
Potions
 h - a potion of lignification
 o - a potion of agility {unknown}
 r - a potion of heal wounds {unknown}
Comestibles
 c - 5 royal jellies
 d - 5 bread rations
 g - a meat ration
 n - 4 fruits
 u - a chunk of flesh


   Skills:
 - Level 3.0 Fighting
 + Level 5.3 Long Blades
 - Level 3.0 Dodging
 + Level 4.7 Stealth
 - Level 3.0 Shields


You had 5 spell levels left.
You didn't know any spells.

Dungeon Overview and Level Annotations

Branches:
Dungeon (4/15)
 Temple: D:4-7

Altars:
Dithmenos

Annotations:
D:4 Dowan, Duvessa


Innate Abilities, Weirdness & Mutations

You cannot wear most types of armour.
You are very stealthy in the water. (Stealth+)
You are amphibious.
You can wear up to eight rings at the same time.
You can use your tentacles to constrict eight enemies at once.
Your skin changes colour to match your surroundings (Stealth+).
Your rubbery body absorbs attacks. (AC +1, EV +1)


Message History

Dithmenos accepts your kill.
You feel sick.
You feel sick.
You see here a worker ant corpse.
You butcher the worker ant corpse.
You feel sick.
u - a chunk of flesh You feel sick.
You start resting.
You feel sick. x15
You are no longer poisoned.
You start resting.
You hear the quick rusting of a very distant drain.
Duvessa, Sister of Dowan comes into view.
She is wielding a rapier.
Duvessa shouts!
Dowan, Brother of Duvessa comes into view.
He is wielding a dagger.
Dowan shouts!
Dowan says, "Stay away from my face!"
Duvessa gestures with her weapon.
Dowan points at you and mumbles some strange words.
The puff of flame hits you!
You die...

#.# #.# #....# #
#.#########.#####....###
#.....................##
#.##########.#####...... #.#
#......#.# #......
###.###.#...##.# #......
#.....#.#...##.# #......
#.#.#.#.#...##[#####......
#.#...#.#@..##............
###.#####.#...########..#'##
#.........#...########..#.##
#.#.#######..........#..#.##
#.#......##..#######.#..#.##
#.######.##e.# #.#..#.##
..#.# ....# #.#..#.## #.#.#
###.#e #.#..#.## #.#.# #....
#.#..#.##


You could see Duvessa and Dowan.

Vanquished Creatures
  The ghost of doublebanjo the Grave Robber, an amateur TeNe (D:3)
  A worker ant (D:4)
  A hound zombie (D:3)
  A hound skeleton (D:4)
  Robin (D:3)
  3 adders
  An ooze (D:3)
  An adder skeleton (D:4)
  4 worms
  A dart slug (D:3)
  2 leopard geckos
  5 orcs
  9 bats
  6 giant cockroaches
  14 goblins
  16 hobgoblins
  2 quokkas
  2 ball pythons
  4 frilled lizards
  11 kobolds
  6 rats
92 creatures vanquished.

Notes
Turn   | Place    | Note
-------+----------+-------------------------------------------
     0 | D:1      | Jeffwins the Octopode Fighter began the quest for the Orb.
     0 | D:1      | Reached XP level 1. HP: 16/16 MP: 1/1
    90 | D:1      | Reached XP level 2. HP: 21/21 MP: 2/2
   267 | D:1      | Reached skill level 3 in Long Blades
   656 | D:2      | Reached skill level 1 in Stealth
   656 | D:2      | Reached XP level 3. HP: 26/26 MP: 3/3
  1510 | D:2      | Reached XP level 4. HP: 31/31 MP: 4/4
  1723 | D:3      | Noticed doublebanjo's ghost (amateur TeNe)
  1903 | D:3      | Noticed Robin
  2155 | D:3      | Killed Robin
  2155 | D:3      | Reached skill level 4 in Long Blades
  2173 | D:3      | Killed doublebanjo's ghost
  2173 | D:3      | Reached XP level 5. HP: 4/36 MP: 5/5
  2895 | D:3      | Found a shadowy altar of Dithmenos.
  2928 | D:3      | Became a worshipper of Dithmenos the Shadowed
  3282 | D:4      | Reached skill level 5 in Long Blades
  3362 | D:4      | Reached XP level 6. HP: 40/42 MP: 6/6
  3744 | D:4      | Noticed Duvessa
  3745 | D:4      | Noticed Dowan
  3748 | D:4      | Killed from afar by Dowan

Vault maps used:
D:1:      dpeg_arrival_radiant
D:2:      first_bread
D:3:      grunt_dithmenos_smoke_and_mirrors, uniq_robin
D:4:      cheibrodos_sewer_entry_bend, uniq_duvessa

Skill      XL: |  1  2  3  4  5 |
---------------+----------------+-----
Long Blades    | 3 4 5 |  5.3
Stealth        | 1 2 3 4 |  4.7
Fighting       | |  3.0
Dodging        | |  3.0
Shields        | |  3.0

Action                   |  1- 3 |  4- 6 || total
-------------------------+-------+-------++-------
Melee: Long sword        |    74 |    96 ||   170
       Constrict         |    22 |    30 ||    52
       Tentacles         |    13 |    24 ||    37
  Use: Potion            |       |     3 ||     3
       Scroll            |       |     1 ||     1
 Stab: Sleeping          |     9 |     8 ||    17
       Distracted        |     1 |       ||     1
  Eat: Chunk             |     2 |     7 ||     9
Armor: Skin              |       |     3 ||     3
Dodge: Dodged            |    22 |    40 ||    62
Block: Shield            |    33 |    39 ||    72
       Rpst.: Long sword |     8 |     9 ||    17
